 Dungeon Crawl Stone Soup version 0.29.1-1-gd02db6906a (webtiles) character file.

Game seed: 9180115322352201101

77 lonewolfV2 the Trooper (level 4, -2/49 HPs)
             Began as an Ogre Fighter on Oct 14, 2022.
             Slain by Crazy Yiuf
             ... wielding a +2 quarterstaff of chaos
              (4 damage)
             ... on level 2 of the Dungeon.
             The game lasted 00:01:58 (1605 turns).

lonewolfV2 the Trooper (Ogre Fighter)               Turns: 1605, Time: 00:01:59

Health: -2/49      AC:  6    Str: 22    XL:     4   Next: 34%
Magic:  2/4        EV:  8    Int:  9    God:
Gold:   48         SH:  7    Dex:  8    Spells: 3/3 levels left

rFire   . . .      SeeInvis .   a - +0 war axe
rCold   . . .      Faith    .   c - +0 kite shield
rNeg    . . .      Spirit   .   b - +0 robe
rPois   .          Reflect  .   (helmet restricted)
rElec   .          Harm     .   g - +2 cloak
rCorr   .          Rampage  .   (gloves unavailable)
Will    .....                   (boots unavailable)
Stlth   +.........              (no amulet)
HPRegen 0.16/turn               (no ring)
MPRegen 0.09/turn               (no ring)

@: no status effects
A: large, unfitting armour, tough skin 1
a: no special abilities


You were on level 2 of the Dungeon.
You visited 1 branch of the dungeon, and saw 2 of its levels.

You collected 48 gold pieces.

Inventory:

Hand Weapons
 a - a +0 war axe (weapon)
Armour
 b - a +0 robe (worn)
 c - a +0 kite shield (worn)
 g - a +2 cloak (worn)
Jewellery
 q - an amulet of guardian spirit
Scrolls
 f - 2 scrolls of enchant armour {unknown}
 h - a scroll of poison {unknown}
 j - 2 scrolls of identify {unknown}
 k - a scroll of silence {unknown}
 l - 3 scrolls of fear {unknown}
 m - a scroll of teleportation {unknown}
 p - 3 scrolls of noise {unknown}
Potions
 d - 2 potions of might
 e - a potion of flight {unknown}
 i - 2 potions of heal wounds {unknown}
 n - 2 potions of brilliance {unknown}
 o - 2 potions of curing {unknown}
 r - a potion of invisibility {unknown}


   Skills:
 + Level 4.7 Fighting
 + Level 3.2 Axes
 + Level 3.0 Dodging
 + Level 0.3 Stealth
 + Level 3.4 Shields


You had 3 spell levels left.
You didn't know any spells.
Your spell library contained the following spells:

 Spells                   Type           Power      Damage    Failure   Level
 Poisonous Vapours        Pois/Air       0%         N/A       82%         2
 Corpse Rot               Necr/Pois/Air  0%         N/A       100%        4
 Summon Forest            Summ/Tloc      0%         N/A       100%        5
 Summon Mana Viper        Hex/Summ       0%         N/A       100%        5
 Summon Cactus Giant      Summ           0%         N/A       100%        6


Dungeon Overview and Level Annotations

Branches:
Dungeon (2/15)

Altars:

Shops:
D:2 :

Annotations:
D:2 Crazy Yiuf


Innate Abilities, Weirdness & Mutations

You are too large for most types of armour.
You have tough skin. (AC +1)


Message History

You see here a hobgoblin corpse.
You see here a staff of air.
Could not explore, unopened runed door.
Could not explore, unopened runed door.
You open the door.
Crazy Yiuf waves his quarterstaff at you.
You hit Crazy Yiuf but do no damage.
Crazy Yiuf hits you with a +2 quarterstaff of chaos!
Crazy Yiuf freezes you.
You hit Crazy Yiuf.
Crazy Yiuf is lightly wounded.
Crazy Yiuf hits you with a +2 quarterstaff of chaos!
Crazy Yiuf draws strength from your wounds!
Crazy Yiuf cries, "Dawk!
Liver song verde."
Crazy Yiuf hits you with a +2 quarterstaff of chaos!
Crazy Yiuf burns you.
You barely miss Crazy Yiuf.
Crazy Yiuf hits you with a +2 quarterstaff of chaos!
* * * LOW HITPOINT WARNING * * *
Crazy Yiuf burns you.
* * * LOW HITPOINT WARNING * * *
You barely miss Crazy Yiuf. You block Crazy Yiuf's attack. x2
You hit Crazy Yiuf.
Crazy Yiuf is lightly wounded.
Crazy Yiuf barely misses you. You block Crazy Yiuf's attack.
Unknown command.
You hit Crazy Yiuf but do no damage.
Crazy Yiuf is lightly wounded.
Crazy Yiuf hits you with a +2 quarterstaff of chaos.
* * * LOW HITPOINT WARNING * * *
You slash Crazy Yiuf!
Crazy Yiuf is heavily wounded.
Crazy Yiuf hits you with a +2 quarterstaff of chaos.
* * * LOW HITPOINT WARNING * * *
You feel your power leaking away. Crazy Yiuf barely misses you.
You barely miss Crazy Yiuf.
Crazy Yiuf is heavily wounded.
Crazy Yiuf hits you with a +2 quarterstaff of chaos.
You die...

#.####.####.#
#........ #.#
### ###
######### #.#
#.# #.# #####
#.#
#########.#
#..)# #.#
#.........#
#...# #.# #
#.#########
... #.#####
#.# #g#
#...... #.#
##@# #<.####
#.# #.##
######..# #
#.# ##.#
#.......# #
#.###### #.##
######.#####
#......#
##.## #...†..
######.#
#...##
####### #.#
##...# #.#
#....# ## #.#
##..## #.


You could see Crazy Yiuf.

Vanquished Creatures
  Terence (D:2)
  An adder (D:2)
  A worm (D:2)
  A dart slug (D:2)
  7 endoplasms
  A giant cockroach (D:2)
  3 goblins (D:2)
  5 hobgoblins
  6 ball pythons
  3 bats (D:2)
  2 frilled lizards
  2 kobolds
  5 rats
38 creatures vanquished.

Notes
Turn   | Place    | Note
-------+----------+-------------------------------------------
     0 | D:1      | lonewolfV2 the Ogre Fighter began the quest for the Orb.
     0 | D:1      | Reached XP level 1. HP: 24/24 MP: 1/1
   445 | D:1      | Reached XP level 2. HP: 32/32 MP: 2/2
   569 | D:1      | You fall into a shaft and drop 1 floor!
   720 | D:2      | Noticed Terence
   732 | D:2      | Killed Terence
   733 | D:2      | Reached XP level 3. HP: 28/40 MP: 3/3
  1048 | D:2      | Found a runed translucent door.
  1049 | D:2      | Noticed Crazy Yiuf
  1130 | D:2      | Reached XP level 4. HP: 44/49 MP: 4/4
  1203 | D:2      | Found Eleel's Book Emporium.
  1604 | D:2      | HP: 2/49 [Crazy Yiuf/+2 quarterstaff of chaos (4)]
  1605 | D:2      | Slain by Crazy Yiuf

Illustrated notes

Levels and vault maps discovered:
D:1:      wander_arrival_chamber, layout_basic, serial_shops, shop
D:2:      minmay_recursive_quarters, layout_loops_ring, serial_shops, shop,
          minmay_cupped, uniq_crazy_yiuf_cottage, uniq_terence

Skill      XL: |  1  2  3  4 |
---------------+-------------+-----
Axes           | 3 |  3.2
Dodging        | 3 |  3.0
Fighting       | |  4.7
Stealth        | |  0.3
Shields        | |  3.4

Action                   |  1- 3 |  4- 6 || total
-------------------------+-------+-------++-------
Melee: War axe           |    60 |    30 ||    90
Armor: Robe              |    16 |     6 ||    22
Dodge: Dodged            |    15 |    13 ||    28
Block: Kite shield       |    24 |    13 ||    37
